 Dungeon Sprint DCSS version 0.31.0-9-g3a7656b989 (webtiles) character file.

Game seed: 15905607438362145811

280 Heoruswealwe the Spear-Bearer (level 6, -3/62 HPs)
             Began as a Minotaur Fighter on Feb 2, 2024.
             Was an Initiate of Gozag.
             Slain by a two-headed ogre
             ... wielding a +0 giant club
              (21 damage)
             ... in the Dungeon (Sprint IX: "|||||||||||||||||||||||||||||").
             The game lasted 00:01:02 (106 turns).

Heoruswealwe the Spear-Bearer (Minotaur Fighter)     Turns: 106, Time: 00:01:03

Health: -3/62      AC:  8    Str: 22    XL:     6   Next: 5%
Magic:  5/5        EV:  9    Int:  5    God:    Gozag
Gold:   0          SH:  4    Dex: 10    Spells: 5/5 levels left

rFire   . . .        a - +0 trident
rCold   . . .        d - +0 buckler
rNeg    . . .        c - +0 scale mail
rPois   .            (helmet restricted)
rElec   .            (no cloak)
rCorr   .            (no gloves)
SInv    .            (no boots)
Will    .....        (no amulet) Stlth
                     (no ring)
HPRegen 0.30/turn    (no ring)
MPRegen 0.09/turn

%: no teleportation
@: no status effects
A: horns 2, retaliatory headbutt
a: Renounce Religion, Potion Petition, Call Merchant, Bribe Branch


You were in the Dungeon.
You worshipped Gozag.
Gozag was noncommittal.
You visited 1 branch

Inventory:

Hand Weapons
 a - a +0 trident (weapon)
Armour
 c - a +0 scale mail (worn)
 d - a +0 buckler (worn)
Jewellery
 k - a +3 ring of dexterity
 l - a +3 ring of dexterity
Wands
 h - a wand of roots (10)
Scrolls
 j - 2 scrolls of blinking
Potions
 b - a potion of might
 e - 2 potions of heal wounds
 f - 4 potions of curing
 g - a potion of haste
 i - a potion of berserk rage


   Skills:
 + Level 8.4 Fighting
 * Level 10.9 Polearms
 + Level 8.4 Armour
 - Level 3.6 Shields


You had 5 spell levels left.
You didn't know any spells.
Your spell library was empty.

Dungeon Overview and Level Annotations

Branches:
Dungeon (1/1)

Altars:
Cheibriados
Dithmenos
Elyvilon
Fedhas
Gozag
Hepliaklqana
Kikubaaqudgha
Makhleb
Nemelex Xobeh
Okawaru
Qazlal
Ru
Sif Muna
Trog
Uskayaw
Vehumet
Wu Jian
Xom
Yredelemnul
Zin
The Shining One
Jiyva
Lugonu


Innate Abilities, Weirdness & Mutations

You have a pair of horns on your head.
You reflexively headbutt those who attack you in melee.


Message History

Found a +3 ring of dexterity.
e - 2 potions of heal wounds;
f - 4 potions of curing
Things that are here:
2 potions of magic; a potion of invisibility You drop 2 potions of magic.
Found a +3 ring of dexterity.
j - 2 scrolls of blinking (gained 1)
You see here 2 scrolls of amnesia.
h - a wand of roots (10)
Items here: )))))).
Okay, then.
You see here a +0 helmet.
You see here a +0 cloak.
You see here a +0 plate armour.
k - a +3 ring of dexterity
l - a +3 ring of dexterity You open the door.
A yak, 2 two-headed ogres, a troll, a vampire mosquito and a wraith come into view.
The two-headed ogre shouts in stereo!
The yak bellows!
The two-headed ogre shouts in stereo!
The vampire mosquito buzzes angrily.
You hit the two-headed ogre.
Your headbutt misses the two-headed ogre.
The two-headed ogre is lightly wounded.
You block the two-headed ogre's attack.
The two-headed ogre hits you but does no damage.
You puncture the two-headed ogre!
The two-headed ogre is moderately wounded.
You hit the two-headed ogre but do no damage.
You headbutt the two-headed ogre, but do no damage.
The two-headed ogre is moderately wounded.
The two-headed ogre hits you with a +0 giant club!!
* * * LOW HITPOINT WARNING * * *
The two-headed ogre barely misses you.
You hit the two-headed ogre.
The two-headed ogre is moderately wounded.
You puncture the two-headed ogre!
The two-headed ogre is heavily wounded.
The two-headed ogre hits you with a +0 giant club!!
You die...
Your body crumbles into a pile of gold. ▓▓▓▓▓▓▓▓▓▓▓▓▓▓▓▓▓▓▓▓▓▓▓▓ _______'!?).[[[.@OYOTyW. ▓▓▓▓▓▓▓▓▓▓▓▓▓▓▓▓▓▓▓▓▓▓▓▓

You could see 2 two-headed ogres, a yak, a troll, a wraith and a vampire mosquito.

Vanquished Creatures
  A water moccasin (D)
  A phantom (D)
  A scorpion (D)
  A jelly (D)
  An adder (D)
  An endoplasm (D)
  A goblin (D)
  2 kobolds (D)
  A bat (D)
10 creatures vanquished.

Notes
Turn   | Place    | Note
-------+----------+-------------------------------------------
     0 | D        | Heoruswealwe the Minotaur Fighter began the quest for the
                  | Orb.
     0 | D        | Reached XP level 1. HP: 19/19 MP: 0/0
     6 | D        | Reached skill level 3 in Polearms
    26 | D        | Noticed a phantom
    26 | D        | Noticed a jelly
    26 | D        | Noticed a water moccasin
    26 | D        | Noticed a scorpion
    31 | D        | Killed a phantom
    32 | D        | Reached skill level 7 in Polearms
    32 | D        | Reached XP level 2. HP: 30/30 MP: 1/1
    32 | D        | Reached XP level 3. HP: 37/37 MP: 2/2
    32 | D        | Reached XP level 4. HP: 44/44 MP: 3/3
    34 | D        | Reached skill level 8 in Polearms
    40 | D        | Killed a water moccasin
    41 | D        | Reached skill level 10 in Polearms
    41 | D        | Reached XP level 5. HP: 16/53 MP: 4/4
    51 | D        | Reached XP level 6. HP: 25/62 MP: 5/5
    57 | D        | Found a snail-covered altar of Cheibriados.
    57 | D        | Found a shadowy altar of Dithmenos.
    57 | D        | Found a white marble altar of Elyvilon.
    57 | D        | Found a blossoming altar of Fedhas.
    57 | D        | Found an opulent altar of Gozag.
    58 | D        | Found a hazy altar of Hepliaklqana.
    59 | D        | Found a viscous altar of Jiyva.
    60 | D        | Found an ancient bone altar of Kikubaaqudgha.
    61 | D        | Found a corrupted altar of Lugonu.
    62 | D        | Found a burning altar of Makhleb.
    63 | D        | Found a sparkling altar of Nemelex Xobeh.
    64 | D        | Found an iron altar of Okawaru.
    65 | D        | Became a worshipper of Gozag Ym Sagoz the Greedy
    66 | D        | Found a stormy altar of Qazlal.
    67 | D        | Found a sacrificial altar of Ru.
    68 | D        | Found a shimmering blue altar of Sif Muna.
    69 | D        | Found a bloodstained altar of Trog.
    70 | D        | Found a hide-covered altar of Uskayaw.
    71 | D        | Found a radiant altar of Vehumet.
    72 | D        | Found an ornate altar of the Wu Jian Council.
    73 | D        | Found a shimmering altar of Xom.
    74 | D        | Found a basalt altar of Yredelemnul.
    75 | D        | Found a glowing silver altar of Zin.
    76 | D        | Found a glowing golden altar of the Shining One.
   101 | D        | Noticed a two-headed ogre
   101 | D        | Noticed a yak
   101 | D        | Noticed a two-headed ogre
   101 | D        | Noticed a troll
   101 | D        | Noticed a vampire mosquito
   101 | D        | Noticed a wraith
   106 | D        | Slain by a two-headed ogre

Illustrated notes

Levels and vault maps discovered:
D:        linesprint [early_d, line_temple, items_1, d_10, items_2, lair_1,
          lair_end, items_3, orc_1, orc_end, items_4, d_15, swamp_1, shoals_1,
          snake_1, spider_1, d_20, vaults_1, items_5, swamp_end, shoals_end,
          snake_end, spider_end, vaults_end, d_27, items_6, zot_1, zot_end,
          crypt_end, forest_end, elf_end, slime_end, tomb_end, abyss_end,
          pan_hell_end]

Skill      XL: |  1  2  3  4  5 |
---------------+----------------+-----
Polearms       | 7 10 | 10.9
Fighting       | 6 7 8 |  8.4
Armour         | 6 7 8 |  8.4
Shields        | |  3.6

Action                     |  1- 3 |  4- 6 || total
---------------------------+-------+-------++-------
  Melee: Trident           |    15 |    22 ||    37
         Headbutt          |     1 |     5 ||     6
    Use: Potion            |       |     2 ||     2
 Armour: Scale mail        |    12 |    16 ||    28
  Dodge: Dodged            |     4 |     3 ||     7
  Block: Buckler           |     4 |     5 ||     9
